 Dungeon Crawl Stone Soup version 0.30.1-4-g462c640d31 (webtiles) character file.

Game seed: 3939736129037910889

74168 Almogavar the Protected (level 15, -8/119 HPs)
             Began as a Gnoll Wanderer on Sept 8, 2023.
             Was the Champion of Okawaru.
             Killed from afar by Azrael (36 damage)
             ... with damnation
             ... on level 12 of the Dungeon.
             The game lasted 02:09:52 (23432 turns).

Almogavar the Protected (Gnoll Wanderer)           Turns: 23432, Time: 02:09:54

Health: -8/119     AC: 26    Str: 14    XL:     15   Next: 45%
Magic:  28/30      EV: 20    Int: 19    God:    Okawaru [******]
Gold:   2153       SH: 14    Dex: 10    Spells: 26/37 levels left

rFire   + . .        p - +12 rapier of Mastery {drain, rElec rN+ Will+ Int-5}
rCold   . . .        z - +2 kite shield {reflect}
rNeg    + . .        O - +5 ring mail "Ywki" {rC+ Int+3}
rPois   +            d - +1 helmet "Luwk" {Drain rPois rCorr Dex+5}
rElec   +            C - +2 cloak {Stlth+}
rCorr   +            S - +2 pair of gloves {hurl}
SInv    .            w - +0 pair of boots
Will    ++...        G - amulet of regeneration
Stlth   ++++++       l - +5 ring of evasion
HPRegen 1.19/turn    i - ring of fire
MPRegen 0.22/turn

%: random rage (9%), reflection
@: heroic, on berserk cooldown, slowed, studying Armour, very slow
A: fangs 1, strong nose, distributed training, berserk 2, clumsy 1
a: Renounce Religion, Heroism, Finesse, Duel


You were on level 12 of the Dungeon.
You worshipped Okawaru.
Okawaru was exalted by your worship.
You visited 4 branches of the dungeon, and saw 20 of its levels.
You also visited: Gauntlet and Ice Cave.

You collected 3014 gold pieces.
You spent 861 gold pieces at shops.

Inventory:

Hand Weapons
 p - the +12 rapier of Mastery (weapon) {drain, rElec rN+ Will+ Int-5}
   (You acquired it on level 3 of the Lair of Beasts)

   Int:       It affects your intelligence (-5).
   rElec:     It insulates you from electricity.
   rN:        It protects you from negative energy.
   Will:      It increases your willpower.
Missiles
 A - 5 atropa-tipped darts
 I - 4 curare-tipped darts
 K - 16 poisoned darts
 M - 5 silver javelins
 Q - 4 javelins (quivered)
Armour
 d - the +1 helmet "Luwk" (worn) {Drain rPois rCorr Dex+5}
   (You found it in a Gauntlet)

   Dex:       It affects your dexterity (+5).
   rPois:     It protects you from poison.
   rCorr:     It protects you from acid and corrosion.
   Drain:     It drains your maximum health when unequipped.
 s - a +2 plate armour of fire resistance
 w - a +0 pair of boots (worn)
 z - a +2 kite shield of reflection (worn)
 C - a +2 cloak of stealth (worn)
 O - the +5 ring mail "Ywki" (worn) {rC+ Int+3}
   (You found it on level 8 of the Dungeon)

   Int:       It affects your intelligence (+3).
   rC:        It protects you from cold.
 S - a +2 pair of gloves of hurling (worn)
 Z - +0 acid dragon scales
Jewellery
 i - a ring of fire (right hand)
 k - a ring of protection from cold
 l - a +5 ring of evasion (left hand)
 m - an amulet of reflection
 o - a ring of see invisible
 x - a +6 ring of dexterity
 F - a +4 ring of protection
 G - an amulet of regeneration (around neck)
 H - the ring "Inwiu" {Fire +Blink rElec rPois Will-}
   (You took it off a minotaur in a Gauntlet)

   [ring of fire]

   It enhances your fire magic.
   rF:        It protects you from fire.
   rC:        It makes you vulnerable to cold.
   rElec:     It insulates you from electricity.
   rPois:     It protects you from poison.
   +Blink:    It lets you blink.
   Will:      It decreases your willpower.
 L - a ring of flight
 P - the amulet "Qiug" {Acrobat MP+9}
   (You found it in a Gauntlet)

   [amulet of the acrobat]

   It increases your evasion while moving and waiting.
   MP:        It affects your magic capacity (+9).
 V - a ring of wizardry
Wands
 c - a wand of quicksilver (16)
 g - a wand of mindburst (15)
 h - a wand of roots (14)
 y - a wand of polymorph (12)
 R - a wand of flame (7)
Scrolls
 b - 3 scrolls of vulnerability
 e - 3 scrolls of blinking
 q - 7 scrolls of fear
 r - 6 scrolls of fog
 u - 2 scrolls of enchant weapon
 v - a scroll of noise {unknown}
 N - a scroll of magic mapping {unknown}
 T - a scroll of poison
 U - a scroll of teleportation
Potions
 j - 2 potions of brilliance
 t - 2 potions of cancellation
 D - 2 potions of haste
 E - 2 potions of might
 J - a potion of resistance
 W - 2 potions of heal wounds {unknown}
 X - 2 potions of attraction {unknown}
 Y - a potion of mutation {unknown}
Miscellaneous
 a - a condenser vane
 n - a piece from Xom's chessboard (15/15)
 B - a phial of floods


   Skills:
 + Level 11.4(16.4) Fighting
 + Level 10.4(15.4) Short Blades
 + Level 10.4(15.4) Long Blades
 + Level 10.4(15.4) Axes
 + Level 10.4(15.4) Maces & Flails
 + Level 10.4(15.4) Polearms
 + Level 10.4(15.4) Staves
 + Level 10.4(15.4) Ranged Weapons
 + Level 10.4(15.4) Throwing
 + Level 13.8(18.8) Armour
 + Level 10.4(15.4) Dodging
 + Level 10.7(15.7) Stealth
 + Level 10.4(15.4) Shields
 + Level 10.4(15.4) Unarmed Combat
 + Level 11.6 Spellcasting
 + Level 8.8 Conjurations
 + Level 8.8 Hexes
 + Level 8.8 Summonings
 + Level 8.8 Necromancy
 + Level 9.6 Translocations
 + Level 8.8 Transmutations
 + Level 8.8 Fire Magic
 + Level 8.8 Ice Magic
 + Level 8.8 Air Magic
 + Level 10.4 Earth Magic
 + Level 8.8 Poison Magic
 + Level 11.4 Invocations
 + Level 10.4 Evocations


You had 26 spell levels left.
You knew the following spells:

 Your Spells              Type           Power      Damage    Failure   Level
a - Sandblast             Erth           100%       2d20      1%          1
b - Summon Small Mammal   Summ           100%       N/A       1%          1
c - Blink                 Tloc           94%        N/A       1%          2
d - Iskenderun's Mystic   Conj/Tloc      46%        2d10      3%          4
e - Inner Flame           Hex/Fire       61%        N/A       1%          3

Your spell library contained the following spells:

 Spells                   Type           Power      Damage    Failure   Level
 Beastly Appendage        Tmut           88%        N/A       1%          1
 Lesser Beckoning         Tloc           94%        N/A       1%          2
 Wereblood                Tmut           44%        N/A       1%          2
 Gell's Gravitas          Tloc           47%        N/A       1%          3
 Ozocubu's Armour         Ice            44%        N/A       1%          3
 Spider Form              Tmut/Pois      44%        N/A       1%          3
 Stone Arrow              Conj/Erth      94%        3d12      1%          3
 Teleport Other           Tloc           47%        N/A       1%          3
 Volatile Blastmotes      Fire/Tloc      100%       2d18      1%          3
 Anguish                  Hex/Necr       22%        N/A       4%          4
 Cause Fear               Hex            22%        N/A       4%          4
 Fulminant Prism          Conj/Hex       22%        3d12      4%          4
 Lee's Rapid Deconstruct  Erth           25%        3d14*     7%          5
 Metabolic Englaciation   Hex/Ice        22%        N/A       13%         5
 Yara's Violent Unravell  Hex/Tmut       22%        3d10      13%         5
 Enfeeble                 Hex            22%        N/A       98%         7
 Storm Form               Tmut/Air       22%        N/A       98%         7
 Maxwell's Capacitive Co  Air            22%        ∞         100%        8
 Call Canine Familiar     Summ           Unusable   N/A       N/A         3
 Summon Guardian Golem    Hex/Summ       Unusable   N/A       N/A         3
 Animate Armour           Summ/Erth      Unusable   N/A       N/A         4
 Summon Lightning Spire   Summ/Air       Unusable   N/A       N/A         4
 Simulacrum               Ice/Necr       Unusable   N/A       N/A         6

Dungeon Overview and Level Annotations

Branches:
Dungeon (12/15)            Temple (1/1) D:6            Lair (5/5) D:9
  Swamp (0/4) Lair:3       Spider (0/4) Lair:2        Slime (0/5) Lair:4
    Orc (2/2) D:10            Elf (0/3) Orc:2         IceCv (visited)
Gauntlet (visited)

Altars:
Dithmenos
Kikubaaqudgha
Okawaru
Ru
Sif Muna
Uskayaw
Wu Jian
Zin
The Shining One

Shops:
D:9 **   Orc:1 [   Orc:2 [[([

Annotations:
D:12 Azrael


Innate Abilities, Weirdness & Mutations

You have very sharp teeth.
Your uncanny sense of smell can sniff out nearby items.
Your experience applies equally to all skills.
You have an uncontrollable temper.
You are clumsy. (Dex -2)


Message History

Azrael gestures at you.
The sphere of damnation explodes!
The damnation engulfs you!!
Azrael hits you with a +2 scimitar of flaming!
Azrael burns you.
You see here a hell hound corpse.
You puncture Azrael! You bite Azrael, but do no damage.
Azrael is lightly wounded.
Azrael hits you with a +2 scimitar of flaming.
Azrael burns you. You block Azrael's attack.
You puncture Azrael!
Azrael is moderately wounded.
Azrael gestures at you.
The fireball explodes!
The fireball engulfs you!!!
* * * LOW HITPOINT WARNING * * *
The fireball engulfs Azrael.
Azrael completely resists.
You are too injured to fight recklessly!
You are too injured to fight recklessly!
You are too injured to fight recklessly!
You are too injured to fight recklessly!
You feel better. Azrael misses you.
You're wearing all the rings you can.
Remove which one? (? for menu, Esc to cancel) < or
l - a +5 ring of evasion; > or
k - a ring of protection from cold You remove your ring of protection from cold.
Azrael's eyes look fiery.
Azrael gestures at you.
The sticky flame hits you but does no damage.
You are covered in liquid flames!
You feel more attuned to fire.
i - a ring of fire (right hand)
You are covered in liquid flames!
* * * LOW HITPOINT WARNING * * *
Azrael hits you but does no damage.
You gain the combat prowess of a mighty hero.
You are covered in liquid flames!
* * * LOW HITPOINT WARNING * * *
You are no longer on fire.
Azrael gestures at you.
The sphere of damnation explodes!
The damnation engulfs you!!!
You die...

..######### ..# #..# #.# #..#
#..######## ∆ #.######## #..#
#...†.....###. .........#
#..# ##.#.#...<....
#.######.#####..#
#.#...##.#### #.#
#...........# .#.##.###.##
#.#
#.######.##.##.#.#(..#...####
#.# # #.##.†................
#.# #....@#°###☼.○#...####
#.# #.........R..........##
#.# #.###..##..######.#.##
#..##..# #.#.# #..##?.# #.#..
#..##..######.####
...##........>#
###.###.######.# #.###


You could see Azrael.

Vanquished Creatures
  An orc warlord (D:10)
  Nessos (Lair:5)
  A white draconian (IceCv)
  A minotaur (Gauntlet)
  A fire dragon (Lair:5)
  4 hydras (Lair:5)
  A catoblepas (Lair:4)
  2 boulder beetles
  10 death yaks
  An orc high priest (Orc:2)
  2 thrashing horrors (Gauntlet)
  A skyshark (Lair:4)
  A fire crab (Lair:5)
  A lindwurm (Lair:5)
  An orc knight (Orc:2)
  5 deep elf pyromancers
  4 deep elf zephyrmancers
  A cyclops (D:12)
  4 orc sorcerers (Orc:2)
  A manticore (D:11)
  An ugly thing (D:9)
  7 black mambas
  2 ice statues (IceCv)
  Joseph (D:8)
  3 molten gargoyles (Lair:5)
  23 elephants
  8 cane toads
  2 torpor snails
  5 rime drakes
  A gargoyle (D:11)
  An ice devil (Gauntlet)
  16 komodo dragons
  6 trolls
  A queen bee (Orc:1)
  Grinder (D:3)
  4 polar bears
  3 culicivoras (Lair:2)
  A wraith (D:12)
  3 shadows (D:10)
  A vampire (D:10)
  7 wyverns
  68 yaks
  6 basilisks
  3 fire elementals (D:12)
  6 vampire mosquitoes
  3 steam dragons (Lair:5)
  Edmund (D:4)
  Menkaure (D:4)
  6 wargs (Orc:1)
  2 acid dragons
  8 hell hounds
  3 swamp worms (Gauntlet)
  10 water moccasins
  26 orc warriors
  A sky beast (D:7)
  A black bear (Lair:2)
  8 ogres
  9 wolves
  4 centaurs
  2 phantoms
  6 kobold brigands
  6 bullfrogs
  A gnoll sergeant (D:8)
  4 scorpions
  5 wights (D:9)
  5 lindwurm simulacra (IceCv)
  4 killer bees (D:8)
  3 troll zombies (D:10)
  6 howler monkeys
  9 komodo dragon simulacra (IceCv)
  5 lava snakes (Lair:5)
  A bullfrog zombie (D:4)
  6 jellies
  4 hounds
  2 small abominations (Gauntlet)
  18 orc priests
  A gnoll bouda (D:8)
  Natasha (thrice) (D:3)
  2 iguanas (D:5)
  3 hell rats (D:9)
  43 orc wizards
  2 troll simulacra (D:11)
  5 ogre zombies (D:10)
  Robin (D:3)
  11 gnolls
  2 river rats (D:9)
  4 acid dragon simulacra (IceCv)
  12 adders
  2 shadow imps
  8 white imps
  3 steam dragon simulacra (IceCv)
  A worm (D:2)
  3 dart slugs
  84 orcs
  10 ball pythons
  6 endoplasms
  28 goblins
  10 hobgoblins
  8 jackals
  3 quokkas
  4 bats
  4 frilled lizards
  2 goblin skeletons (D:10)
  A hobgoblin skeleton (D:10)
  A hobgoblin zombie (D:10)
  17 kobolds
  6 orc skeletons (D:10)
  15 orc zombies (D:10)
  10 rats
709 creatures vanquished.

Vanquished Creatures (collateral kills)
  An orc warrior (D:5)
1 creature vanquished.

Vanquished Creatures (others)
  An orc wizard (Orc:2)
1 creature vanquished.

Grand Total: 711 creatures vanquished

Notes
Turn   | Place    | Note
-------+----------+-------------------------------------------
     0 | D:1      | Almogavar the Gnoll Wanderer began the quest for the Orb.
     0 | D:1      | Almogavar set off with the following items: a +0 club, a
                  | scroll of vulnerability, a +0 robe, a +0 helmet; and the
                  | following spell memorised: Sandblast; and the following
                  | spells available to memorise: Blink, Lesser Beckoning,
                  | Stone Arrow, Animate Armour.
     0 | D:1      | Reached XP level 1. HP: 20/20 MP: 6/6
   140 | D:1      | Reached XP level 2. HP: 26/26 MP: 5/7
   373 | D:1      | Found a faded altar of an unknown god.
   397 | D:1      | Reached skill level 5 in Spellcasting
   397 | D:1      | Reached XP level 3. HP: 31/31 MP: 6/9
   810 | D:2      | Reached skill level 1 in Invocations
   850 | D:2      | Reached skill level 1 in Short Blades
   850 | D:2      | Reached skill level 1 in Long Blades
   850 | D:2      | Reached skill level 1 in Axes
   850 | D:2      | Reached skill level 1 in Maces & Flails
   850 | D:2      | Reached skill level 1 in Polearms
   850 | D:2      | Reached skill level 1 in Staves
   850 | D:2      | Reached skill level 1 in Ranged Weapons
   850 | D:2      | Reached skill level 1 in Throwing
   850 | D:2      | Reached skill level 1 in Armour
   850 | D:2      | Reached skill level 1 in Dodging
   850 | D:2      | Reached skill level 1 in Shields
   850 | D:2      | Reached skill level 1 in Unarmed Combat
   850 | D:2      | Reached skill level 1 in Evocations
   885 | D:2      | Reached XP level 4. HP: 27/38 MP: 4/11
  1083 | D:2      | Reached skill level 1 in Conjurations
  1083 | D:2      | Reached skill level 1 in Hexes
  1083 | D:2      | Reached skill level 1 in Summonings
  1083 | D:2      | Reached skill level 1 in Necromancy
  1083 | D:2      | Reached skill level 1 in Transmutations
  1083 | D:2      | Reached skill level 1 in Fire Magic
  1083 | D:2      | Reached skill level 1 in Ice Magic
  1083 | D:2      | Reached skill level 1 in Air Magic
  1083 | D:2      | Reached skill level 1 in Poison Magic
  1382 | D:2      | Reached XP level 5. HP: 43/43 MP: 10/12
  1635 | D:3      | Noticed Grinder
  1642 | D:3      | Paralysed by Grinder for 2 turns
  1644 | D:3      | Killed Grinder
  1645 | D:3      | Reached skill level 5 in Fighting
  1645 | D:3      | Reached skill level 2 in Armour
  1645 | D:3      | Reached XP level 6. HP: 51/51 MP: 9/14
  1799 | D:3      | Noticed Natasha
  1801 | D:3      | Killed Natasha
  1902 | D:3      | Found an ancient bone altar of Kikubaaqudgha.
  2001 | D:3      | Noticed Robin
  2005 | D:3      | Killed Robin
  2335 | D:3      | Noticed Natasha
  2340 | D:3      | Killed Natasha
  2480 | D:3      | Noticed Natasha
  2504 | D:3      | Reached XP level 7. HP: 56/56 MP: 10/15
  2529 | D:3      | Killed Natasha
  2640 | D:3      | Found a shimmering blue altar of Sif Muna.
  2739 | D:4      | Noticed Menkaure
  2744 | D:4      | Killed Menkaure
  2845 | D:4      | Noticed Edmund
  2861 | D:4      | Killed Edmund
  3069 | D:4      | Reached skill level 3 in Armour
  3069 | D:4      | Reached XP level 8. HP: 63/63 MP: 12/16
  3264 | D:5      | Entered Level 5 of the Dungeon
  3538 | D:5      | Learned a level 1 spell: Summon Small Mammal
  4766 | D:6      | Reached skill level 5 in Translocations
  4819 | D:5      | Reached XP level 9. HP: 33/69 MP: 12/18
  4976 | D:6      | Reached skill level 4 in Armour
  5193 | D:6      | Found an ornate altar of the Wu Jian Council.
  5401 | D:6      | Found a staircase to the Ecumenical Temple.
  5407 | Temple   | Entered the Ecumenical Temple
  5431 | Temple   | Became a worshipper of Warmaster Okawaru
  5522 | D:7      | Found a shadowy altar of Dithmenos.
  5532 | D:6      | Reached skill level 5 in Stealth
  6013 | D:7      | Reached skill level 5 in Invocations
  6125 | D:7      | You fall into a shaft and drop 1 floor!
  6198 | D:8      | Reached * piety under Okawaru
  6208 | D:8      | Identified the +5 ring mail "Ywki" {rC+ Int+3}
  6481 | D:8      | Noticed Joseph
  6527 | D:8      | Killed Joseph
  6528 | D:8      | Reached skill level 5 in Armour
  6907 | D:7      | Reached skill level 5 in Short Blades
  6907 | D:7      | Reached skill level 5 in Long Blades
  6907 | D:7      | Reached skill level 5 in Axes
  6907 | D:7      | Reached skill level 5 in Maces & Flails
  6907 | D:7      | Reached skill level 5 in Polearms
  6907 | D:7      | Reached skill level 5 in Staves
  6907 | D:7      | Reached skill level 5 in Ranged Weapons
  6907 | D:7      | Reached skill level 5 in Throwing
  6907 | D:7      | Reached skill level 5 in Dodging
  6907 | D:7      | Reached skill level 5 in Shields
  6907 | D:7      | Reached skill level 5 in Unarmed Combat
  6907 | D:7      | Reached skill level 5 in Evocations
  6907 | D:7      | Reached XP level 10. HP: 77/77 MP: 17/20
  7183 | D:6      | Reached ** piety under Okawaru
  7466 | D:8      | Learned a level 2 spell: Blink
  7605 | D:8      | Reached skill level 6 in Armour
  7960 | D:8      | Found a glowing silver altar of Zin.
  8057 | D:8      | Found a hide-covered altar of Uskayaw.
  8222 | D:9      | Found a glowing golden altar of the Shining One.
  8303 | D:9      | Reached *** piety under Okawaru
  8314 | D:9      | Noticed a death yak
  8320 | D:9      | Noticed a death yak
  8321 | D:9      | Noticed a death yak
  8339 | D:8      | Killed a death yak
  8430 | D:9      | Found Kasobb's General Store.
  8434 | D:9      | Found Yhasutz's Specific Store.
  8682 | D:9      | Killed a death yak
  8682 | D:9      | Reached **** piety under Okawaru
  8682 | D:9      | Received a gift from Okawaru
  8683 | D:9      | Reached skill level 7 in Armour
  8683 | D:9      | Reached skill level 5 in Conjurations
  8683 | D:9      | Reached skill level 5 in Hexes
  8683 | D:9      | Reached skill level 5 in Summonings
  8683 | D:9      | Reached skill level 5 in Necromancy
  8683 | D:9      | Reached skill level 5 in Transmutations
  8683 | D:9      | Reached skill level 5 in Fire Magic
  8683 | D:9      | Reached skill level 5 in Ice Magic
  8683 | D:9      | Reached skill level 5 in Air Magic
  8683 | D:9      | Reached skill level 5 in Poison Magic
  8683 | D:9      | Reached XP level 11. HP: 64/85 MP: 12/22
  8695 | D:9      | Killed a death yak
  8847 | D:9      | Found a staircase to the Lair.
  9288 | D:9      | Found a sacrificial altar of Ru.
  9470 | D:9      | Reached ***** piety under Okawaru
  9478 | D:9      | Reached skill level 8 in Armour
  9589 | D:10     | Entered Level 10 of the Dungeon
  9719 | D:10     | Found a staircase to the Orcish Mines.
  9732 | D:10     | Received a gift from Okawaru
 10047 | D:10     | Noticed a green ugly thing
 10070 | D:9      | Killed a green ugly thing
 10573 | D:10     | Received a gift from Okawaru
 10896 | Lair:1   | Entered Level 1 of the Lair of Beasts
 11354 | Lair:1   | Learned a level 4 spell: Iskenderun's Mystic Blast
 11358 | Lair:1   | Learned a level 3 spell: Inner Flame
 11865 | Lair:1   | Reached XP level 12. HP: 88/94 MP: 20/24
 11892 | Lair:2   | Received a gift from Okawaru
 11893 | Lair:2   | Reached skill level 9 in Armour
 12353 | Lair:2   | Noticed a death yak
 12425 | Lair:2   | Noticed a death yak
 12425 | Lair:2   | Noticed a death yak
 12425 | Lair:2   | Noticed a death yak
 12439 | Lair:2   | Noticed a death yak
 12625 | Lair:2   | Killed a death yak
 12856 | Lair:1   | Killed a death yak
 13153 | Lair:2   | Found a hole to the Spider Nest.
 13162 | Lair:2   | Received a gift from Okawaru
 13253 | Lair:2   | Killed a death yak
 13452 | Lair:2   | Killed a death yak
 13452 | Lair:2   | Received a gift from Okawaru
 13461 | Lair:2   | Killed a death yak
 13462 | Lair:2   | Reached skill level 10 in Armour
 13761 | Lair:2   | Received a gift from Okawaru
 14167 | Lair:3   | Reached XP level 13. HP: 36/101 MP: 2/26
 14456 | Lair:3   | Identified 2 scrolls of acquirement
 14457 | Lair:3   | Acquired a +0 kite shield of reflection
 14605 | Lair:3   | Received a gift from Okawaru
 14639 | Lair:3   | Found a staircase to the Swamp.
 14709 | Lair:3   | Acquired the +12 rapier of Mastery {drain, rElec rN+ Will+
                  | Int-5}
 14904 | Lair:3   | Reached ****** piety under Okawaru
 14930 | Lair:3   | Reached skill level 11 in Armour
 15173 | Lair:3   | Received a gift from Okawaru
 15232 | Lair:3   | Reached skill level 10 in Spellcasting
 15678 | Lair:4   | Found a staircase to the Slime Pits.
 16509 | Lair:5   | Entered Level 5 of the Lair of Beasts
 16509 | Lair:5   | Noticed Nessos
 16514 | Lair:5   | Found a large runed translucent door.
 16514 | Lair:5   | Found a large runed translucent door.
 16514 | Lair:5   | Noticed a fire dragon
 16529 | Lair:5   | Killed a fire dragon
 16579 | Lair:5   | Reached skill level 10 in Fighting
 16591 | Lair:5   | HP: 1/103 [black mamba (12)]
 16903 | Lair:5   | Reached XP level 14. HP: 101/110 MP: 28/28
 16945 | Lair:5   | Found a gate leading to a gauntlet.
 16951 | Lair:5   | Reached skill level 10 in Invocations
 16959 | Gauntlet | Entered a Gauntlet
 16959 | Gauntlet | Found a transporter.
 16974 | Gauntlet | Found a transporter.
 16985 | Gauntlet | Found a transporter.
 16988 | Gauntlet | Found a transporter.
 16999 | Gauntlet | Found a transporter.
 17015 | Gauntlet | Found a transporter.
 17026 | Gauntlet | Found a transporter.
 17036 | Gauntlet | Found a transporter.
 17036 | Gauntlet | Found the +3 Mad Mage's Maulers {Infuse+∞ VampMP -Cast}
 17037 | Gauntlet | Found a runed translucent door.
 17045 | Gauntlet | Found a runed translucent door.
 17050 | Gauntlet | Found a transporter.
 17053 | Gauntlet | Found a runed translucent door.
 17064 | Gauntlet | Found a transporter.
 17065 | Gauntlet | Found a transporter.
 17106 | Gauntlet | Found a transporter.
 17121 | Gauntlet | Found a transporter.
 17132 | Gauntlet | Found a transporter.
 17297 | Gauntlet | Received a gift from Okawaru
 17367 | Gauntlet | Reached skill level 12 in Armour
 17369 | Gauntlet | Identified the +1 helmet "Luwk" {Drain rPois rCorr Dex+5}
 17442 | Gauntlet | Identified the ring "Inwiu" {Fire +Blink rElec rPois Will-}
 17474 | Gauntlet | Identified the amulet "Qiug" {Acrobat MP+9}
 18015 | Lair:5   | Killed Nessos
 18218 | Lair:5   | Received a gift from Okawaru
 18238 | Lair:5   | Reached skill level 10 in Stealth
 19308 | Orc:1    | Entered Level 1 of the Orcish Mines
 19420 | Orc:1    | Reached skill level 10 in Earth Magic
 19517 | Orc:1    | Noticed an orc warlord
 19546 | Orc:1    | Reached skill level 13 in Armour
 19560 | D:10     | Received a gift from Okawaru
 19624 | D:10     | Killed an orc warlord
 19692 | D:10     | Reached skill level 10 in Short Blades
 19692 | D:10     | Reached skill level 10 in Long Blades
 19692 | D:10     | Reached skill level 10 in Axes
 19692 | D:10     | Reached skill level 10 in Maces & Flails
 19692 | D:10     | Reached skill level 10 in Polearms
 19692 | D:10     | Reached skill level 10 in Staves
 19692 | D:10     | Reached skill level 10 in Ranged Weapons
 19692 | D:10     | Reached skill level 10 in Throwing
 19692 | D:10     | Reached skill level 10 in Dodging
 19692 | D:10     | Reached skill level 10 in Shields
 19692 | D:10     | Reached skill level 10 in Unarmed Combat
 19692 | D:10     | Reached skill level 10 in Evocations
 19703 | Orc:1    | Received a gift from Okawaru
 19866 | Orc:1    | Reached XP level 15. HP: 109/118 MP: 30/30
 20142 | Orc:1    | Found Laedyaha's Armour Shoppe.
 20345 | Orc:2    | Entered Level 2 of the Orcish Mines
 20825 | Orc:2    | Gained mutation: You are clumsy. (Dex -2) [a neqoxec]
 20830 | Orc:2    | Gained mutation: You sometimes lose your temper in combat.
                  | [a neqoxec]
 20831 | Orc:2    | Gained mutation: You have an uncontrollable temper. [a
                  | neqoxec]
 20837 | Orc:2    | Received a gift from Okawaru
 20994 | Orc:2    | Found Agryu's Armour Shoppe.
 21028 | Orc:2    | Found Fithraoc's Armour Emporium.
 21029 | Orc:2    | Found Teamn's Antique Weapon Emporium.
 21033 | Orc:2    | Found Nyetwirr's Antique Armour Shoppe.
 21036 | Orc:2    | Bought a +2 plate armour of fire resistance for 560 gold
                  | pieces
 21042 | Orc:2    | Bought a +2 cloak of stealth for 301 gold pieces
 21137 | Orc:2    | Received a gift from Okawaru
 21195 | Orc:2    | Found a staircase to the Elven Halls.
 21782 | D:11     | Found a frozen archway.
 21795 | IceCv    | Entered an ice cave
 22284 | IceCv    | Identified the +0 plate armour "Cizozong" {rElec} (Okawaru
                  | gifted it to you in an ice cave)
 22284 | IceCv    | Received a gift from Okawaru
 23397 | D:12     | Noticed Azrael
 23432 | D:12     | Killed from afar by Azrael

Illustrated notes

Levels and vault maps discovered:
D:1:      dpeg_arrival_concentric_ovals, layout_rooms,
          ebering_ecumenical_altar_webs, grunt_decor_arrowhead,
          minmay_door_square, hangedman_decor_growths
D:2:      layout_loops_ring
D:3:      layout_loops_ring, lemuel_blue_sif_altar,
          nicolae_kikubaaqudgha_miasma_corner, grunt_ministairs_13,
          minmay_ogre_servants, uniq_robin, uniq_grinder, uniq_natasha
D:4:      layout_loops_ring, grunt_gozag_statues,
          nicolae_yredelemnul_corpse_copse, nicolae_alphabet_shops,
          st_stairs_12, pf_guarded_unrand_delatra, uniq_menkaure, uniq_edmund
D:5:      minmay_evil_eye, layout_basic, chequers_serial_rivers_small_b,
          minmay_misc_feat_doors
D:6:      layout_rooms, amcnicky_altar_gilded,
          minmay_temple_entry_enclosed_plants
D:7:      layout_basic, grunt_dithmenos_smoke_and_mirrors, nicolae_titane
D:8:      layout_loops_corners, zin_statuary, lemuel_round_altar,
          minmay_manual_mail, uniq_joseph
D:9:      layout_roguey [special_room_orc], nicolae_ru_awakened_eye,
          mainiacjoe_overflow_chevrons, dpeg_lair_monsters,
          hangedman_glass_teeth, nicolae_specific_store
D:10:     layout_irregular_city, zombieorc2_lemuel
D:11:     layout_irregular_city, portal_ice_cave_entry_ice_simulacra
D:12:     layout_loops_ring, minivault_1, uniq_azrael
Temple:   minmay_temple_forest_path
Lair:1:   layout_long_grid
Lair:2:   layout_misc_corridors, hellmonk_spider_entry_life_and_decay,
          grunt_forest_large_clearings
Lair:3:   layout_layer_cave, swamp_mist, grunt_megastairs_1
Lair:4:   layout_big_grid, nicolae_slime_entry_slimehenge
Lair:5:   cheibrodos_lair_end_hotspot, layout_layer_cave,
          gauntlet_entry_generic, uniq_nessos
Orc:1:    cheibrodos_orc_guarddog, layout_diamond_mine, serial_shops,
          nicolae_shop_waterfront, basic_altar, elves_outpost_lemuel
Orc:2:    st_orc_mages, layout_caves, rock_pile

Skill      XL: |  1  2  3  4  5  6  7  8  9 10 11 12 13 14 15 |
---------------+----------------------------------------------+-----
Spellcasting   | 5 6 7 8 9 10 11 | 11.6
Invocations    | 1 2 3 4 5 6 7 8 9 10 11 | 11.4
Short Blades   | 1 2 3 5 6 7 8 9 10 | 10.4
Long Blades    | 1 2 3 5 6 7 8 9 10 | 10.4
Axes           | 1 2 3 5 6 7 8 9 10 | 10.4
Maces & Flails | 1 2 3 5 6 7 8 9 10 | 10.4
Polearms       | 1 2 3 5 6 7 8 9 10 | 10.4
Staves         | 1 2 3 5 6 7 8 9 10 | 10.4
Ranged Weapons | 1 2 3 5 6 7 8 9 10 | 10.4
Throwing       | 1 2 3 5 6 7 8 9 10 | 10.4
Armour         | 1 2 3 5 7 8 10 11 13 | 13.8
Dodging        | 1 2 3 5 6 7 8 9 10 | 10.4
Shields        | 1 2 3 5 6 7 8 9 10 | 10.4
Unarmed Combat | 1 2 3 5 6 7 8 9 10 | 10.4
Evocations     | 1 2 3 5 6 7 8 9 10 | 10.4
Conjurations   | 1 2 3 4 5 6 7 8 |  8.8
Hexes          | 1 2 3 4 5 6 7 8 |  8.8
Summonings     | 1 2 3 4 5 6 7 8 |  8.8
Necromancy     | 1 2 3 4 5 6 7 8 |  8.8
Transmutations | 1 2 3 4 5 6 7 8 |  8.8
Fire Magic     | 1 2 3 4 5 6 7 8 |  8.8
Ice Magic      | 1 2 3 4 5 6 7 8 |  8.8
Air Magic      | 1 2 3 4 5 6 7 8 |  8.8
Poison Magic   | 1 2 3 4 5 6 7 8 |  8.8
Fighting       | 5 6 7 8 9 10 11 | 11.4
Stealth        | 3 4 5 6 7 8 9 10 | 10.7
Translocations | 4 5 6 7 8 9 |  9.6
Earth Magic    | 6 7 8 9 10 | 10.4

Action                     |  1- 3 |  4- 6 |  7- 9 | 10-12 | 13-15 || total
---------------------------+-------+-------+-------+-------+-------++-------
  Melee: Dagger            |     5 |     5 |    38 |    73 |     2 ||   123
         Bite              |       |       |     2 |    14 |   206 ||   222
         Rapier            |       |       |       |       |  1281 ||  1281
  Throw: Boomerang         |       |    16 |    48 |       |     7 ||    71
         Dart              |       |       |     7 |    53 |    58 ||   118
         Javelin           |       |       |       |    31 |    32 ||    63
   Cast: Sandblast         |    37 |    69 |   190 |   464 |   158 ||   918
         Summon Small Mamm |       |       |     2 |       |       ||     2
         Blink             |       |       |       |     7 |     6 ||    13
         Iskenderun's Myst |       |       |       |     7 |     6 ||    13
 Invoke: Heroism           |       |       |       |     7 |     9 ||    16
Ability: Evoke Blink       |       |       |       |       |     1 ||     1
  Evoke: Wand              |       |       |     2 |    12 |    14 ||    28
    Use: Scroll            |       |     5 |    10 |     6 |    11 ||    32
         Potion            |       |       |     1 |     2 |     6 ||     9
   Stab: Sleeping          |     3 |     1 |     2 |     1 |     8 ||    15
         Petrified         |       |       |       |       |     1 ||     1
         Distracted        |       |       |       |       |     1 ||     1
 Armour: Robe              |     4 |     2 |       |       |       ||     6
         Animal skin       |       |     4 |    18 |       |       ||    22
         Leather armour    |       |     1 |       |       |       ||     1
         Ring mail         |       |       |    10 |   158 |   565 ||   733
  Dodge: Dodged            |    12 |    14 |    76 |   191 |   834 ||  1127
  Block: Other             |       |     5 |    25 |       |       ||    30
         Reflection        |       |       |     3 |     5 |    35 ||    43
         Buckler           |       |       |       |   180 |       ||   180
         Kite shield       |       |       |       |       |   770 ||   770
